[Event "ICCopen2016"]
[Site "Internet Chess Club"]
[Date "2016.06.04"]
[Round "10"]
[White "rock700chess"]
[Black "marwan100"]
[Result "1-0"]
[ICCResult "Black resigns"]
[WhiteElo "2019"]
[BlackElo "1586"]
[Opening "French: Tarrasch, closed variation"]
[ECO "C05"]
[NIC "FR.16"]
[Time "15:46:12"]
[TimeControl "180+0"]

1. e4 e6 2. d4 d5 3. Nd2 Nf6 4. e5 Nfd7 5. f4 c5 6. c3 Nc6 7. Ndf3 Qb6 8. a3
a5 9. b3 Be7 10. h4 h6 11. Be3 cxd4 12. cxd4 O-O 13. Bd3 f6 14. Bf2 fxe5 15.
fxe5 a4 16. b4 Nxb4 17. axb4 Bxb4+ 18. Kf1 a3 19. Ne2 Nb8 20. Bc2 Nc6 21.
Qd3 Rf5 22. g4 Rxf3 23. Qxf3 Bd7 24. Kg2 Rf8 25. Qd3 Kf7 26. Qg6+ Ke7 27.
Qxg7+ Rf7 28. Qxh6 Rxf2+ 29. Kxf2 Nxe5 30. Qg7+ Nf7 31. Rhf1 Bb5 32. Kg2
Bxe2 33. Rxf7+ Kd6 34. Qe5+ Kc6 35. Ba4+ Bb5 36. Rc1+ {Black resigns} 1-0

[Event "ICCopen2016"]
[Site "Internet Chess Club"]
[Date "2016.06.04"]
[Round "10"]
[White "Piranha"]
[Black "JavaChessMan"]
[Result "1-0"]
[ICCResult "Black forfeits on time"]
[WhiteElo "1783"]
[BlackElo "1856"]
[Opening "French: Winawer (Nimzovich) variation"]
[ECO "C15"]
[NIC "FR.08"]
[Time "15:44:59"]
[TimeControl "180+0"]

1. e4 e6 2. d4 d5 3. Nc3 Bb4 4. exd5 Qxd5 5. Be3 Nf6 6. Nf3 Bxc3+ 7. bxc3
Qa5 8. Qd2 Ne4 9. Qd3 Qxc3+ 10. Qxc3 Nxc3 11. Bd3 Nd5 12. Kd2 Nxe3 13. fxe3
Nc6 14. Rab1 b6 15. Be4 Bb7 16. c4 O-O-O 17. Ke2 h6 18. Nd2 Na5 19. Bxb7+
Nxb7 20. Rhf1 f6 21. a4 Rhe8 22. Ne4 e5 23. Kd3 exd4 24. exd4 Na5 25. c5 Nc6
26. cxb6 Rxd4+ 27. Kc3 Rexe4 28. bxa7 Nxa7 29. Ra1 Nc6 30. a5 Re3+ 31. Kc2
Re2+ 32. Kc3 Rxg2 33. a6 Rd5 34. Kc4 Re5 35. a7 Nxa7 36. Rfe1 Rxh2 37. Rxe5
fxe5 38. Kd5 Re2 39. Rxa7 Kd7 40. Ra8 e4 41. Rg8 g5 42. Rg7+ Kc8 43. Kc6
Rc2+ 44. Kd5 e3 45. Rg8+ Kb7 46. Re8 e2 47. Kd4 g4 48. Kd3 e1=Q 49. Rxe1 Rc6
50. Rb1+ {Black forfeits on time} 1-0

[Event "ICCopen2016"]
[Site "Internet Chess Club"]
[Date "2016.06.04"]
[Round "10"]
[White "waynerooney"]
[Black "CristianS"]
[Result "0-1"]
[ICCResult "White checkmated"]
[WhiteElo "1959"]
[BlackElo "2082"]
[Opening "Giuoco Pianissimo"]
[ECO "C55"]
[NIC "IG.01"]
[Time "15:45:26"]
[TimeControl "180+0"]

1. e4 e5 2. Nf3 Nc6 3. Bc4 Nf6 4. d3 Bc5 5. c3 d6 6. O-O a6 7. Bg5 h6 8. Bh4
Ne7 9. Bxf6 gxf6 10. Nh4 Be6 11. Bxe6 fxe6 12. Qh5+ Kd7 13. b4 Ba7 14. a4
Qg8 15. Na3 Qg5 16. Qxg5 hxg5 17. Nf3 Ng6 18. g3 g4 19. Nd2 f5 20. Kg2 f4
21. f3 fxg3 22. hxg3 gxf3+ 23. Rxf3 Rag8 24. Rf7+ Kd8 25. Kf3 Nf4 26. gxf4
Rh3+ 27. Ke2 Rg2+ 28. Ke1 exf4 29. Rd1 Rxd3 30. Nf1 Rxc3 31. Nb1 Rcc2 32.
Nbd2 Be3 33. Nxe3 fxe3 34. Nf1 Rce2# {White checkmated} 0-1

[Event "ICCopen2016"]
[Site "Internet Chess Club"]
[Date "2016.06.04"]
[Round "10"]
[White "Sam08"]
[Black "Nedwis"]
[Result "0-1"]
[ICCResult "White forfeits on time"]
[WhiteElo "2406"]
[BlackElo "2876"]
[Opening "Queen's pawn game"]
[ECO "A50"]
[NIC "QP.07"]
[Time "15:45:08"]
[TimeControl "180+0"]

1. d4 Nf6 2. c4 a5 3. Nc3 d5 4. Bg5 e6 5. Qc2 Nc6 6. e3 Nb4 7. Qd1 Be7 8. a3
Nc6 9. cxd5 Nxd5 10. Bxe7 Qxe7 11. Rc1 O-O 12. Nf3 Rd8 13. Bb5 Bd7 14. Qe2
Be8 15. O-O h6 16. Na4 e5 17. Bxc6 Bxc6 18. Rxc6 bxc6 19. Nxe5 Rd6 20. Rc1
Re8 21. Nc5 f6 22. Nc4 Rdd8 23. Nxa5 Rd6 24. Nab7 f5 25. Nxd6 cxd6 26. Nd3
f4 27. Rxc6 fxe3 28. fxe3 Nxe3 29. Ne1 Qe4 30. Rxd6 Qf4 31. Rc6 Re7 32. Nf3
Qe4 33. Rc8+ Re8 34. Rxe8+ Qxe8 35. Kf2 Ng4+ 36. Ke1 Qc6 37. Kd2 Nf6 38. Qe5
Qb7 39. Kc1 Qc6+ 40. Kb1 Qc4 41. Qe3 Qf1+ 42. Ka2 Qc4+ 43. Qb3 Qd5 44. Qxd5+
Nxd5 45. a4 Kf7 46. Kb3 Ke6 47. Kc4 Ne3+ 48. Kb5 Nxg2 49. a5 Kd6 50. a6 Kc7
51. Ne5 Nf4 52. Nc4 Ne6 53. Ka5 Nxd4 54. b4 Nc6+ 55. Ka4 Nd4 56. b5 Nxb5 57.
Kxb5 Kb8 {White forfeits on time} 0-1

[Event "ICCopen2016"]
[Site "Internet Chess Club"]
[Date "2016.06.04"]
[Round "10"]
[White "Valai"]
[Black "Alright2015"]
[Result "0-1"]
[ICCResult "White checkmated"]
[WhiteElo "2532"]
[BlackElo "2166"]
[Opening "Budapest: Rubinstein variation"]
[ECO "A52"]
[NIC "QG.01"]
[Time "15:45:50"]
[TimeControl "180+0"]

1. d4 Nf6 2. c4 e5 3. dxe5 Ng4 4. Bf4 g5 5. Bg3 Bg7 6. Nf3 Nc6 7. Nc3 Ngxe5
8. Nxe5 Nxe5 9. e3 d6 10. Be2 Be6 11. O-O O-O 12. Nd5 c6 13. Bxe5 dxe5 14.
Nc3 f5 15. Qc2 e4 16. Rad1 Qc7 17. c5 Rad8 18. b4 Be5 19. h3 Qg7 20. Nb1 Bd5
21. Nd2 g4 22. hxg4 Qh6 23. g3 Qh3 24. g5 Bxg3 25. fxg3 Qxg3+ 26. Kh1 Qh3+
27. Kg1 Qg3+ 28. Kh1 Qh4+ 29. Kg1 Qxg5+ 30. Kf2 Qh4+ 31. Kg2 Qg5+ 32. Kf2 f4
33. Rg1 fxe3+ 34. Ke1 Qxg1+ 35. Nf1 Qf2# {White checkmated} 0-1

[Event "ICCopen2016"]
[Site "Internet Chess Club"]
[Date "2016.06.04"]
[Round "10"]
[White "Entoloma"]
[Black "BlueGoose"]
[Result "1-0"]
[ICCResult "Black resigns"]
[WhiteElo "1961"]
[BlackElo "1690"]
[Opening "Queen's pawn"]
[ECO "A40"]
[NIC "QO.17"]
[Time "15:45:33"]
[TimeControl "180+0"]

1. d4 e6 2. Nf3 f5 3. c4 Nf6 4. Bf4 d5 5. e3 c6 6. Nc3 Bd6 7. Bxd6 Qxd6 8.
c5 Qc7 9. b4 a6 10. Be2 Nbd7 11. O-O e5 12. a4 e4 13. Nd2 f4 14. exf4 Qxf4
15. Nb3 O-O 16. Qd2 Qh4 17. Qe3 Ng4 18. Qg3 Qxg3 19. hxg3 Ndf6 20. Na5 Rb8
21. b5 axb5 22. axb5 Bd7 23. Rfb1 Nh5 24. Nd1 Rf6 25. bxc6 Bxc6 26. Bxg4 g6
27. Bxh5 gxh5 28. Rb6 Rbf8 29. Nxc6 bxc6 30. Ra2 e3 31. Nxe3 R8f7 32. g4 h4
33. f3 h6 34. Raa6 Re7 35. Rxc6 Rxc6 36. Rxc6 Rxe3 37. Rd6 h3 38. Rxd5 hxg2
39. Kxg2 Kf7 40. Kg3 Ke6 41. Re5+ Kf6 42. Rxe3 {Black resigns} 1-0

[Event "ICCopen2016"]
[Site "Internet Chess Club"]
[Date "2016.06.04"]
[Round "10"]
[White "Heinichess"]
[Black "pawelwaw"]
[Result "1-0"]
[ICCResult "Black resigns"]
[WhiteElo "1844"]
[BlackElo "1573"]
[Opening "Sicilian: dragon, Yugoslav attack, 7...O-O"]
[ECO "B76"]
[NIC "SI.17"]
[Time "15:46:11"]
[TimeControl "180+0"]

1. e4 c5 2. Nf3 d6 3. d4 cxd4 4. Nxd4 Nf6 5. Nc3 g6 6. Be3 Bg7 7. f3 O-O 8.
Qd2 Nc6 9. g4 Bd7 10. h4 Rc8 11. h5 Ne5 12. Be2 a6 13. Bh6 b5 14. Bxg7 Kxg7
15. hxg6 fxg6 16. O-O-O Rf7 17. Rdg1 Qa5 18. f4 Nexg4 19. Bxg4 Nxg4 20. f5
Nf6 21. Ne6+ Bxe6 22. fxe6 Rff8 23. Qh6+ Kg8 24. Rxg6+ Kh8 25. Rxf6
{Black resigns}
1-0

[Event "ICCopen2016"]
[Site "Internet Chess Club"]
[Date "2016.06.04"]
[Round "10"]
[White "B-Alqudaimi"]
[Black "chigamaster"]
[Result "0-1"]
[ICCResult "White resigns"]
[WhiteElo "2415"]
[BlackElo "2959"]
[Opening "Sicilian: Keres variation (2.Ne2)"]
[ECO "B20"]
[NIC "SI.48"]
[Time "15:46:02"]
[TimeControl "180+0"]

1. e4 c5 2. Ne2 d6 3. g3 g6 4. Bg2 Bg7 5. c3 h5 6. h3 Nc6 7. d4 cxd4 8. cxd4
Bd7 9. Nbc3 a6 10. f4 Rc8 11. Be3 b5 12. Rc1 Nh6 13. O-O O-O 14. Qd2 b4 15.
Nd1 Na5 16. Rxc8 Qxc8 17. Qxb4 Nc4 18. Kh2 h4 19. Bf2 hxg3+ 20. Bxg3 d5 21.
b3 Nd6 22. exd5 Nhf5 23. Qd2 Bb5 24. Ndc3 Nxg3 25. Kxg3 Nf5+ 26. Kh2 Bxe2
27. Nxe2 Qc7 28. Be4 Nd6 29. Bd3 Qb6 30. Bc4 Rd8 31. Qd3 Nf5 32. Bxa6 Rxd5
33. Bc4 Rd8 34. d5 Kf8 35. Ng3 Nd6 36. f5 g5 37. Nh5 Be5+ 38. Kg2 f6 39. h4
gxh4 40. Kh3 Nf7 41. Rg1 Qxg1 42. Qf3 Ng5+ {White resigns} 0-1

[Event "ICCopen2016"]
[Site "Internet Chess Club"]
[Date "2016.06.04"]
[Round "10"]
[White "bythebook"]
[Black "ChAn"]
[Result "0-1"]
[ICCResult "White forfeits on time"]
[WhiteElo "1676"]
[BlackElo "1503"]
[Opening "Sicilian: Canal-Sokolsky attack, 3...Bd7"]
[ECO "B52"]
[NIC "SI.01"]
[Time "15:46:17"]
[TimeControl "180+0"]

1. e4 c5 2. Nf3 d6 3. Bb5+ Bd7 4. Qe2 a6 5. Bxd7+ Nxd7 6. c3 e5 7. d4 cxd4
8. cxd4 Qb6 9. Be3 Qc7 10. Nc3 Ngf6 11. h3 Be7 12. O-O O-O 13. Rfd1 Rac8 14.
Rac1 Qb8 15. Rc2 b5 16. Rcd2 Nb6 17. Bg5 Nc4 18. Rd3 b4 19. Nd5 Nxd5 20.
exd5 Bxg5 21. Nxg5 h6 22. Nf3 e4 23. Qxe4 Nxb2 24. Nh4 Nxd1 25. Rxd1 Rfe8
26. Qg4 Kh8 27. Nf5 Rg8 28. Rd3 Kh7 29. Rg3 g6 30. Ne7 Rc1+ 31. Kh2 Re8 32.
Nxg6 Rg8 33. Qf4 Qc7 34. Ne7 Qxe7 35. Qxc1 Rxg3 36. fxg3 Qe4
{White forfeits on time}
0-1

[Event "ICCopen2016"]
[Site "Internet Chess Club"]
[Date "2016.06.04"]
[Round "10"]
[White "mrquinn"]
[Black "lmenezes"]
[Result "0-1"]
[ICCResult "White checkmated"]
[WhiteElo "1362"]
[BlackElo "1583"]
[Opening "QGD: Chigorin defense"]
[ECO "D07"]
[NIC "QP.08"]
[Time "15:46:19"]
[TimeControl "180+0"]

1. d4 d5 2. c4 Nc6 3. g3 dxc4 4. Nf3 Bg4 5. d5 Bxf3 6. exf3 Ne5 7. f4 Nd3+
8. Ke2 Qxd5 9. f3 O-O-O 10. Nc3 Qe6+ 11. Be3 Nxf4+ 12. Kf2 Rxd1 13. Rxd1
Nd3+ 14. Bxd3 cxd3 15. Rxd3 c6 16. Re1 Nf6 17. Bxa7 Qc4 18. Rd4 Qa6 19. Red1
Qxa7 20. Kg2 e6 21. Rd8+ Kc7 22. a3 g6 23. g4 Bg7 24. R8d2 Nd5 25. Ne4 Ne3+
26. Kg3 Nxd1 27. Rxd1 Be5+ 28. f4 Qe3+ 29. Kh4 Qxe4 30. fxe5 h5 31. h3 hxg4+
32. Kg5 Qf5# {White checkmated} 0-1

[Event "ICCopen2016"]
[Site "Internet Chess Club"]
[Date "2016.06.04"]
[Round "10"]
[White "HeyBooBooULose"]
[Black "ponte2"]
[Result "1-0"]
[ICCResult "Black forfeits on time"]
[WhiteElo "1344"]
[BlackElo "1309"]
[Opening "Sicilian defense"]
[ECO "B41"]
[NIC "FR.01"]
[Time "15:46:39"]
[TimeControl "180+0"]

1. e4 e6 2. Nf3 c5 3. d4 cxd4 4. Qxd4 Nc6 5. Qa4 Nge7 6. Nc3 g6 7. Bg5 Bg7
8. Bb5 f6 9. Be3 O-O 10. h4 a6 11. Bxc6 bxc6 12. h5 g5 13. h6 Bh8 14. Qd4
Ng6 15. Qd6 Bb7 16. O-O-O Rf7 17. Bd4 Rc8 18. g4 e5 19. Be3 Nf4 20. Bxf4
exf4 21. e5 fxe5 22. Nxe5 Re7 23. Nc4 c5 24. Rhe1 Rxe1 25. Rxe1 Rc6 26. Qe7
Qxe7 27. Rxe7 Kf8 28. Rxh7 Kg8 29. Rxd7 Rxh6 30. Rxb7 Rh1+ 31. Kd2 Bxc3+ 32.
Kxc3 {Black forfeits on time} 1-0

[Event "ICCopen2016"]
[Site "Internet Chess Club"]
[Date "2016.06.04"]
[Round "10"]
[White "Parsifal"]
[Black "catman"]
[Result "1-0"]
[ICCResult "Black checkmated"]
[WhiteElo "2334"]
[BlackElo "1845"]
[Opening "French: Tarrasch, Guimard main line"]
[ECO "C04"]
[NIC "FR.15"]
[Time "15:45:50"]
[TimeControl "180+0"]

1. e4 e6 2. d4 d5 3. Nd2 Nc6 4. Ngf3 Nf6 5. e5 Nd7 6. Nb3 a5 7. a4 Be7 8.
Bb5 Na7 9. Bd3 O-O 10. h4 f5 11. c3 c5 12. Bc2 b6 13. Bg5 Ba6 14. Nbd2 Nc6
15. Nf1 Bxf1 16. Kxf1 cxd4 17. cxd4 Nb4 18. Bb1 Rc8 19. Ra3 h6 20. Bd2 Nc6
21. Rd3 Bb4 22. Bc1 Rf7 23. g3 Bf8 24. Kg2 Nb4 25. Rc3 Na6 26. Qe2 Nb4 27.
Bf4 Be7 28. Rhc1 Rxc3 29. bxc3 Nc6 30. h5 Rf8 31. Bd3 Qa8 32. Kh3 Rc8 33.
Rg1 Na7 34. Bd2 Qc6 35. g4 fxg4+ 36. Rxg4 Qxa4 37. Bxh6 Bf8 38. Ng5 Qa1 39.
Kg2 gxh6 40. Nxe6+ Kh8 41. Qf3 Qxc3 42. Qf7 Qxd3 43. Rg8# {Black checkmated}
1-0

[Event "ICCopen2016"]
[Site "Internet Chess Club"]
[Date "2016.06.04"]
[Round "10"]
[White "toguho"]
[Black "cap78red"]
[Result "1-0"]
[ICCResult "Black forfeits on time"]
[WhiteElo "1522"]
[BlackElo "1364"]
[Opening "Alekhine's defense"]
[ECO "B02"]
[NIC "AL.10"]
[Time "15:46:00"]
[TimeControl "180+0"]

1. e4 Nf6 2. Nc3 d6 3. f4 g6 4. h3 Bg7 5. Nf3 c5 6. d3 Na6 7. g4 Nb4 8. Bg2
d5 9. e5 Nd7 10. Ne2 c4 11. d4 e6 12. c3 Nc6 13. Ng3 h6 14. Be3 a5 15. O-O
a4 16. Qc2 a3 17. b3 cxb3 18. axb3 Qa5 19. f5 gxf5 20. gxf5 Nb6 21. Nh5 Bf8
22. Nf6+ Ke7 23. Nh4 Bg7 24. Nh5 Rg8 25. f6+ Kd7 26. fxg7 Nd8 27. Bxh6 Kc7
28. b4 Qb5 29. Qh7 Qe8 30. Nf6 Rxg7 31. Qxg7 Qe7 32. Bg5 Nc6 33. Nxd5+ Nxd5
34. Bxe7 Ncxe7 35. Rxf7 Ra7 36. Bxd5 exd5 37. Rxe7+ Kb8 38. Rc7 b5 39. Nf5
a2 40. Rxa7 {Black forfeits on time} 1-0

[Event "ICCopen2016"]
[Site "Internet Chess Club"]
[Date "2016.06.04"]
[Round "10"]
[White "PED"]
[Black "jonesey"]
[Result "0-1"]
[ICCResult "White checkmated"]
[WhiteElo "2060"]
[BlackElo "1782"]
[Opening "Vienna game"]
[ECO "C27"]
[NIC "VG.02"]
[Time "15:45:36"]
[TimeControl "180+0"]

1. e4 e5 2. Nc3 Nf6 3. Bc4 Nxe4 4. Qh5 Nd6 5. Qxe5+ Qe7 6. Qxe7+ Bxe7 7. Bb3
O-O 8. d4 c6 9. Nge2 Nf5 10. d5 d6 11. O-O Nd7 12. Re1 Bf6 13. Ne4 Be5 14.
c3 Nf6 15. Nxf6+ Bxf6 16. Bf4 Be5 17. Bxe5 dxe5 18. dxc6 bxc6 19. Ng3 Nxg3
20. hxg3 Re8 21. Rad1 Bg4 22. f3 Bf5 23. g4 Bg6 24. Rd7 Kf8 25. Red1 Re7 26.
Kf2 Ke8 27. Rxe7+ Kxe7 28. Ke3 Rd8 29. Rxd8 Kxd8 30. g3 Ke7 31. f4 exf4+ 32.
gxf4 Bb1 33. a4 f6 34. a5 g6 35. Bg8 h5 36. gxh5 gxh5 37. b4 h4 38. Bc4 Kd6
39. Bf1 Bf5 40. Bg2 h3 41. Bf3 h2 42. Kf2 Bg4 43. Bh1 Be6 44. Kg3 Bd5 45.
Bxd5 Kxd5 46. Kxh2 Kc4 47. Kg3 Kxc3 48. Kg4 Kxb4 49. Kf5 c5 50. Kxf6 c4 51.
Kg7 c3 52. f5 c2 53. f6 c1=Q 54. f7 Qf4 55. f8=Q+ Qxf8+ 56. Kxf8 Kxa5 57.
Ke7 Kb4 58. Kd6 a5 59. Kd5 Kb3 60. Kd4 a4 61. Kd3 a3 62. Kd2 Kb2 63. Ke2 a2
64. Kd3 a1=Q 65. Ke3 Qf1 66. Kd2 Qf3 67. Ke1 Qg2 68. Kd1 Kc3 69. Ke1 Kd3 70.
Kd1 Qg1# {White checkmated} 0-1

[Event "ICCopen2016"]
[Site "Internet Chess Club"]
[Date "2016.06.04"]
[Round "10"]
[White "Bochkarev"]
[Black "victor22224444"]
[Result "1-0"]
[ICCResult "Black resigns"]
[WhiteElo "2820"]
[BlackElo "2366"]
[Opening "Pirc defense"]
[ECO "B07"]
[NIC "PU.08"]
[Time "15:45:50"]
[TimeControl "180+0"]

1. d4 d6 2. e4 Nf6 3. Nc3 Nbd7 4. g4 h6 5. h3 e5 6. Nge2 c6 7. a4 b6 8. Bg2
g6 9. Be3 Bg7 10. Qd2 Qe7 11. O-O h5 12. g5 Nh7 13. h4 Nhf8 14. f4 exf4 15.
Nxf4 Ne6 16. Nxe6 fxe6 17. e5 d5 18. Rf6 Bxf6 19. exf6 Qf7 20. Re1 O-O 21.
Bf4 Re8 22. Bf1 Bb7 23. Be5 a6 24. Bd3 c5 25. Qf2 Rac8 26. Rf1 cxd4 27. Bxg6
Qxg6 28. f7+ Kf8 29. fxe8=Q+ Kxe8 30. Bxd4 e5 31. Re1 e4 32. Ne2 Ke7 33. Rf1
Rf8 34. Qe3 Rxf1+ 35. Kxf1 Qf5+ 36. Qf4 Qxf4+ 37. Nxf4 Nc5 38. Nxh5 Nxa4 39.
Nf4 Kf7 40. h5 Nc5 41. g6+ Kg8 42. h6 {Black resigns} 1-0

[Event "ICCopen2016"]
[Site "Internet Chess Club"]
[Date "2016.06.04"]
[Round "10"]
[White "fviana"]
[Black "Chess64"]
[Result "1/2-1/2"]
[ICCResult "Game drawn because neither player has mating material"]
[WhiteElo "2128"]
[BlackElo "1767"]
[Opening "Réti opening"]
[ECO "A05"]
[NIC "QP.11"]
[Time "15:44:57"]
[TimeControl "180+0"]

1. Nf3 Nf6 2. b3 g6 3. Bb2 Bg7 4. c4 O-O 5. Nc3 d5 6. cxd5 Nxd5 7. Rc1 Nxc3
8. Bxc3 Bxc3 9. Rxc3 Nc6 10. g3 e5 11. d3 f5 12. Bg2 e4 13. Nd2 Qf6 14. Qc1
Nd4 15. e3 Nb5 16. Rc5 Nd6 17. dxe4 fxe4 18. O-O c6 19. Nxe4 Nxe4 20. Bxe4
Bh3 21. Bg2 Bxg2 22. Kxg2 Qf3+ 23. Kg1 Rad8 24. b4 Rd5 25. Qc4 Kg7 26. b5
Rff5 27. Rxd5 cxd5 28. Qc7+ Rf7 29. Qc5 h5 30. Qxa7 h4 31. Qd4+ Kg8 32. Qxh4
Rh7 33. Qd8+ Kg7 34. b6 Qh5 35. h4 Qf5 36. Rc1 Kh6 37. Qg5+ Qxg5 38. hxg5+
Kxg5 39. Rc7 Rh8 40. Rxb7 Ra8 41. Ra7 Rb8 42. b7 Kg4 43. a4 Kf3 44. a5 d4
45. exd4 Re8 46. Ra8 Re1+ 47. Kh2 Rb1 48. Rf8+ Ke4 49. b8=Q Rxb8 50. Rd8
Rxd8 51. Kh3 Kxd4 52. Kg4 Rd6 53. f4 Ke4 54. Kg5 Ra6 55. g4 Kf3 56. f5 gxf5
57. gxf5 Ke4 58. f6 Rxa5+ 59. Kg6 Ra1 60. f7 Rg1+ 61. Kh7 Rf1 62. Kg7 Rg1+
63. Kh7 Rf1 64. Kg7 Rg1+ 65. Kh7 Rf1 66. Kg7 Rxf7+ 67. Kxf7
{Game drawn because neither player has mating material}
1/2-1/2

[Event "ICCopen2016"]
[Site "Internet Chess Club"]
[Date "2016.06.04"]
[Round "10"]
[White "kofigan"]
[Black "QuieroAprender"]
[Result "0-1"]
[ICCResult "White forfeits on time"]
[WhiteElo "1148"]
[BlackElo "1388"]
[Opening "King's pawn game"]
[ECO "C50"]
[NIC "IG.03"]
[Time "15:45:06"]
[TimeControl "180+0"]

1. e4 e5 2. Nf3 Nc6 3. Bc4 Nd4 4. c3 Nxf3+ 5. Qxf3 Qf6 6. Qd1 d6 7. O-O Be6
8. Qb3 b6 9. Qb5+ Bd7 10. Qa6 Ne7 11. Qb7 Bc6 12. Qa6 Bxe4 13. d3 Bc6 14.
Bb5 d5 15. Bxc6+ Qxc6 16. Nd2 Ng6 17. Re1 Bd6 18. Nf3 f6 19. d4 e4 20. Nd2
O-O 21. Qe2 Nf4 22. Qg4 Qe8 23. Nb3 Nd3 24. Re3 Qg6 25. Qe6+ Kh8 26. Rg3
Bxg3 27. fxg3 f5 28. Qxd5 Qg4 29. Bf4 Nxb2 30. h3 Qe2 31. Bxc7 Nd3 32. Bf4
Qf2+ 33. Kh2 Nxf4 34. gxf4 Qxf4+ 35. Kh1 Rad8 36. Qc4 e3 37. Qe2 Rfe8 38.
Re1 Qg3 39. Nc1 f4 40. Nd3 g5 41. Ne5 Rxe5 42. dxe5 Rd2 43. Qf3 Qxe1+ 44.
Kh2 Qg3+ 45. Qxg3 fxg3+ 46. Kxg3 Rxa2 47. e6 e2 48. Kf2 Ra5 49. Kxe2 Re5+
{White forfeits on time}
0-1

[Event "ICCopen2016"]
[Site "Internet Chess Club"]
[Date "2016.06.04"]
[Round "10"]
[White "Baltimora"]
[Black "Koval"]
[Result "1-0"]
[ICCResult "Black resigns"]
[WhiteElo "2270"]
[BlackElo "1906"]
[Opening "Queen's Indian: Capablanca variation"]
[ECO "E16"]
[NIC "QI.06"]
[Time "15:46:04"]
[TimeControl "180+0"]

1. d4 Nf6 2. c4 e6 3. Nf3 b6 4. g3 Bb7 5. Bg2 Bb4+ 6. Bd2 Bxd2+ 7. Nbxd2 d6
8. O-O Nbd7 9. Qc2 Qe7 10. e4 e5 11. d5 a5 12. Nh4 g6 13. b3 Nc5 14. a3 Bc8
15. b4 Nb7 16. Qc3 h5 17. Nb3 a4 18. Nc1 Bd7 19. Nd3 c5 20. dxc6 Bxc6 21. f3
b5 22. Rac1 O-O 23. c5 Rac8 24. cxd6 Qxd6 25. Qxe5 Qxd3 26. Qxf6 Nd8 27.
Nxg6 fxg6 28. Qxg6+ Kh8 29. Qxh5+ Kg7 30. Qg5+ Kh7 31. Rc5 Ne6 32. Qh4+ Kg7
33. Rh5 Qe3+ 34. Kh1 Rh8 35. Qg4+ Kf7 36. Rf5+ Ke7 37. Re5 Qh6 38. h4 Bd7
39. Rd1 Rhg8 40. Qh3 Rc2 41. Bf1 Qe3 42. Rxd7+ Kxd7 43. Qxe6+ Kd8 44. Qd6+
Kc8 45. Qe6+ Kb8 46. Qxg8+ Rc8 47. Re8 Qxf3+ 48. Bg2 Qd1+ 49. Kh2 Qc2 50.
Rxc8+ {Black resigns} 1-0

[Event "ICCopen2016"]
[Site "Internet Chess Club"]
[Date "2016.06.04"]
[Round "10"]
[White "welo1969"]
[Black "Antidrome"]
[Result "0-1"]
[ICCResult "White resigns"]
[WhiteElo "1649"]
[BlackElo "2613"]
[Opening "Queen's pawn game"]
[ECO "D04"]
[NIC "QP.08"]
[Time "15:46:18"]
[TimeControl "180+0"]

1. d4 d5 2. Nf3 Nf6 3. e3 c5 4. c3 Nc6 5. dxc5 e5 6. b4 Be7 7. b5 Na5 8.
Nxe5 Bxc5 9. Be2 O-O 10. O-O Re8 11. Nd3 Bd6 12. Ba3 Bc7 13. Nd2 Bf5 14. Nf4
Rc8 15. Rc1 b6 16. c4 d4 17. Bf3 dxe3 18. fxe3 Rxe3 19. Nd5 Rxa3 20. Nb3
Nxb3 21. axb3 Nxd5 22. Bxd5 Bg6 23. Rc3 Qd6 24. g3 Ra2 25. Rcf3 Rf8 26. Kh1
Qe5 27. Re1 Qb2 {White resigns} 0-1

[Event "ICCopen2016"]
[Site "Internet Chess Club"]
[Date "2016.06.04"]
[Round "10"]
[White "LittleMaster"]
[Black "Skeptic1972"]
[Result "1-0"]
[ICCResult "Black forfeits on time"]
[WhiteElo "2349"]
[BlackElo "1431"]
[Opening "Sicilian"]
[ECO "B56"]
[NIC "SI.25"]
[Time "15:45:28"]
[TimeControl "180+0"]

1. e4 c5 2. Nf3 d6 3. d4 cxd4 4. Nxd4 Nf6 5. Nc3 Nc6 6. Be3 e5 7. Nb3 Be7 8.
Be2 O-O 9. O-O a5 10. Kh1 a4 11. Nd2 a3 12. bxa3 Rxa3 13. Nb5 Ra6 14. f4 d5
15. fxe5 Nxe5 16. Nd4 Ra3 17. Bf4 Ng6 18. e5 Ne4 19. Nxe4 dxe4 20. Bc4 Bc5
21. Nb3 Bb4 22. Qxd8 Rxd8 23. Bc1 Nxe5 24. Bxa3 Bxa3 25. Rad1 Re8 26. Bb5
Rf8 27. Rd5 Ng4 28. Re1 Be6 29. Rg5 h6 30. Rxg4 Bxg4 31. Rxe4 Bf5 32. Re2
Rd8 33. g3 Rd1+ 34. Kg2 Be6 35. Bd3 Bd5+ 36. Kf2 Rh1 37. Ke3 g6 38. Kd2 f5
39. Re8+ Kf7 40. Re2 Bf3 41. Rf2 Bd5 42. Kc3 Ke6 43. Nd4+ Ke5 44. Nf3+
{Black forfeits on time}
1-0

[Event "ICCopen2016"]
[Site "Internet Chess Club"]
[Date "2016.06.04"]
[Round "10"]
[White "The7thGuest"]
[Black "milinanana"]
[Result "1-0"]
[ICCResult "Black forfeits on time"]
[WhiteElo "2110"]
[BlackElo "1820"]
[Opening "Queen's pawn game"]
[ECO "D04"]
[NIC "QP.08"]
[Time "15:44:59"]
[TimeControl "180+0"]

1. d4 d5 2. Nf3 Nf6 3. e3 Bf5 4. Bd3 Bxd3 5. Qxd3 e6 6. O-O c5 7. dxc5 Nc6
8. a3 Bxc5 9. b4 Be7 10. Bb2 O-O 11. Nbd2 Rc8 12. Rac1 Qd7 13. Ne5 Nxe5 14.
Bxe5 Rfd8 15. Nb3 Ne4 16. f3 Nf6 17. Rfd1 b6 18. Nd4 Rc4 19. c3 Rdc8 20. Ne2
Qa4 21. Ra1 Nd7 22. Bg3 Bf6 23. Be1 Ne5 24. Qd2 Nc6 25. Rdc1 Ne5 26. Nd4
R4c7 27. Qc2 Qd7 28. Qb3 Nc4 29. Bf2 e5 30. Ne2 Qe6 31. Rd1 Bg5 32. Qb1 Bxe3
33. Qd3 Bxf2+ 34. Kxf2 Rd7 35. Rab1 Rcd8 36. a4 Qh6 37. Kg1 Qg5 38. Ng3 h6
39. Rbc1 h5 40. Rb1 h4 41. Nf1 h3 42. g3 Qf6 43. Qe2 Qe6 44. Ne3 Nxe3 45.
Qxe3 Qf6 46. Qe2 d4 47. c4 d3 48. Qe3 d2 49. Rb2 Rd3 50. Qe2 Rxf3 51. Rbxd2
Rxd2 52. Rxd2 g6 53. Rd1 e4 54. Rf1 Qf5 55. Rxf3 exf3 56. Qe3 Qb1+ 57. Kf2
Qc2+ 58. Kxf3 Qg2+ 59. Kf4 Qxh2 60. Qf3 Qg2 61. Qe3 h2 62. Qe8+ Kg7 63. Qe5+
Kh7 64. Qe8 Qf2+ 65. Kg5 h1=Q 66. Qxf7+ Qxf7 67. Kg4 {Black forfeits on
time} 1-0

[Event "ICCopen2016"]
[Site "Internet Chess Club"]
[Date "2016.06.04"]
[Round "10"]
[White "Dodgy"]
[Black "GodspeedR8"]
[Result "0-1"]
[ICCResult "White checkmated"]
[WhiteElo "2039"]
[BlackElo "1970"]
[Opening "English: symmetrical, Benoni formation"]
[ECO "A31"]
[NIC "OI.06"]
[Time "15:45:47"]
[TimeControl "180+0"]

1. d4 Nf6 2. c4 c5 3. Nf3 cxd4 4. g3 e5 5. Bg2 Nc6 6. O-O Bc5 7. b3 e4 8.
Ng5 d5 9. cxd5 Qxd5 10. Qc2 d3 11. exd3 exd3 12. Re1+ Be6 13. Bxd5 dxc2 14.
Na3 Nxd5 15. Nxe6 fxe6 16. Nxc2 O-O 17. Ne3 Nxe3 18. Bxe3 Bxe3 19. Rxe3 Rad8
20. Rxe6 Rd2 21. Rf1 Nd4 22. Re7 Nf3+ 23. Kg2 Rxa2 24. Rxb7 Ng5 25. Rb4 Rb2
26. h4 Ne6 27. Rb7 a5 28. Ra7 Nc5 29. Rxa5 Ne4 30. Rb5 Rfxf2+ 31. Rxf2 Rxf2+
32. Kh3 Rf3 33. Rb8+ Kf7 34. Rb7+ Kg6 35. Rb4 Rxg3+ 36. Kh2 Re3 37. Rd4 Nf6
38. b4 Rb3 39. Kg2 Kh5 40. Kf2 Ng4+ 41. Ke2 Kxh4 42. Kd2 Kg3 43. Kc2 Rf3 44.
b5 Rf6 45. Rc4 Rb6 46. Rb4 h5 47. Kc3 h4 48. Kc4 h3 49. Kc5 Rxb5+ 50. Rxb5
h2 51. Rb3+ Kg2 52. Rb1 Nf2 53. Kd5 Nh3 54. Ke5 g5 55. Kf5 Kg3 56. Rb3+ Kg2
57. Rb2+ Nf2 58. Rb1 g4 59. Kf4 g3 60. Rc1 h1=Q 61. Rxh1 Nxh1 62. Kg4 Kf2
63. Kh3 g2 64. Kh2 g1=Q+ 65. Kh3 Qg3# {White checkmated} 0-1